 Dungeon Crawl Stone Soup version 0.23.2-1-ga50397a (webtiles) character file.

Game seed: 18124326716112207084

2326 dvd the Chopper (level 9, 0/66 (68) HPs)
             Began as a Formicid Fighter on May 9, 2019.
             Was a Priest of Makhleb.
             Slain by a yak (9 damage)
             ... on level 6 of the Dungeon.
             The game lasted 00:13:41 (5774 turns).

dvd the Chopper (Formicid Fighter)                  Turns: 5774, Time: 00:13:42

HP:   0/66 (68)     AC:  7    Str: 22    XL:     9   Next: 69%
MP:   12/12         EV: 16    Int:  8    God:    Makhleb [***...]
Gold: 176           SH: 11    Dex: 12    Spells: 8/8 levels left

rFire    . . .     SeeInvis +   C - +2 hand axe (chop)
rCold    . . .     Gourm    .   c - +0 shield
rNeg     . . .     Faith    .   b - +0 scale mail
rPois    .         Spirit   .   (helmet unavailable)
rElec    .         Reflect  .   (no cloak)
rCorr    +         Harm     .   (no gloves)
MR       .....                  (no boots)
Stlth    ..........             (no amulet)
HPRegen  0.21/turn              B - ring of resist corrosion
MPRegen  0.13/turn              A - +6 ring of evasion

@: no status effects
A: permanent stasis, dig shafts and tunnels, four strong arms, antennae 3
a: Dig, Shaft Self, Minor Destruction, Lesser Servant of Makhleb, Renounce
Religion


You were on level 6 of the Dungeon.
You worshipped Makhleb.
Makhleb was most pleased with you.
You were not hungry.

You visited 1 branch of the dungeon, and saw 7 of its levels.

You collected 324 gold pieces.
You spent 148 gold pieces at shops.

Inventory:

Hand Weapons
 a - a +0 war axe
 p - a +2 short sword of flaming
 C - a +2 hand axe of chopping (weapon)
 D - a +2 whip of holy wrath
 G - a +0 battleaxe
Missiles
 v - 13 tomahawks (quivered)
Armour
 b - a +0 scale mail (worn)
 c - a +0 shield (worn)
 H - a +0 plate armour
Magical Staves
 h - an uncursed staff of conjuration
Jewellery
 g - an uncursed ring of ice
 x - a +3 ring of intelligence
 A - a +6 ring of evasion (right hand)
 B - a ring of resist corrosion (left hand)
 E - an uncursed ring of positive energy
Scrolls
 e - 2 scrolls of blinking {unknown}
 k - 2 scrolls of remove curse {unknown}
 l - 3 scrolls of enchant weapon {unknown}
 m - 7 scrolls of teleportation {unknown}
 q - 7 scrolls of identify {unknown}
 r - 4 scrolls of amnesia {unknown}
 s - a scroll of fog {unknown}
 u - 2 scrolls of magic mapping {unknown}
 w - a scroll of immolation {unknown}
 y - a scroll of enchant armour {unknown}
Potions
 d - 4 potions of might
 i - 2 potions of heal wounds {unknown}
 j - 2 potions of lignification {unknown}
 n - 2 potions of agility {unknown}
 o - 2 potions of ambrosia {unknown}
 t - 5 potions of curing
 z - a potion of mutation {unknown}
Comestibles
 f - 13 rations


   Skills:
 + Level 5.1 Fighting
 + Level 7.7 Axes
 + Level 1.3 Throwing
 + Level 6.2 Armour
 + Level 2.5 Dodging
 + Level 0.6 Stealth
 + Level 7.3 Shields
 + Level 4.6 Invocations


You had 8 spell levels left.
You didn't know any spells.
Your spell library was empty.

Dungeon Overview and Level Annotations

Branches:
Dungeon (7/15)             Temple (0/1) D:5

Altars:
Hepliaklqana
Makhleb
Trog

Shops:
D:4 !!*


Innate Abilities, Weirdness & Mutations

You cannot be hasted, slowed, berserked, paralysed or teleported.
You can dig through walls and to a lower floor.
Your four strong arms can wield two-handed weapons with a shield.
You have a pair of large antennae on your head. (SInv)


Message History

The yak is moderately wounded.
You block the yak's attack.
Unknown command.
You hit the yak but do no damage.
The yak is lightly wounded.
The yak closely misses you.
You hit the yak.
The yak is moderately wounded.
The yak misses you.
You hit the yak.
The yak is moderately wounded.
You block the yak's attack.
You hit the yak.
The yak is heavily wounded.
The yak gores you!
* * * LOW HITPOINT WARNING * * *
You hit the yak.
The yak is heavily wounded.
The yak gores you!
You die...

..................#
...............<..#
..................#
.......#.........##
......###...#>...#
.......#########.#
###..#..########Y#
##..#........#Y#
#)...####..##@######
####.##...>...........##
...#.#####.[...........##
##......................#
#.....(................#
##......................#
........................#
##......................#
#.......#.............##


You could see 2 yaks.

Vanquished Creatures
  3 yaks
  Menkaure (D:5)
  4 orc warriors (D:6)
  A necrophage (D:4)
  An ogre (D:5)
  A centaur (D:7)
  A water moccasin skeleton (D:5)
  A scorpion (D:6)
  A bullfrog zombie (D:5)
  2 crimson imps (D:7)
  5 jellies
  A bullfrog skeleton (D:4)
  4 orc priests
  3 hounds (D:4)
  5 orc wizards
  An iguana (D:7)
  3 worker ants
  7 gnolls (D:4)
  7 adders
  3 shadow imps (D:6)
  2 oozes
  2 adder skeletons
  3 dart slugs
  5 worms
  5 leopard geckos
  27 orcs
  2 ball pythons (D:3)
  3 giant cockroaches
  4 hobgoblins
  12 jackals
  6 kobolds
  4 quokkas
  6 bats
  4 frilled lizards
  A giant cockroach zombie (D:5)
  8 goblins
  A leopard gecko skeleton (D:4)
  8 rats
158 creatures vanquished.

Notes
Turn   | Place    | Note
-------+----------+-------------------------------------------
     0 | D:1      | dvd the Formicid Fighter began the quest for the Orb.
     0 | D:1      | Reached XP level 1. HP: 18/18 MP: 1/1
   224 | D:1      | Reached XP level 2. HP: 24/24 MP: 2/2
   530 | D:2      | Reached XP level 3. HP: 28/29 MP: 3/3
   976 | D:2      | Reached XP level 4. HP: 32/35 MP: 4/4
  1474 | D:3      | Found a hazy altar of Hepliaklqana.
  1674 | D:3      | Reached XP level 5. HP: 39/41 MP: 5/5
  1685 | D:3      | Found a burning altar of Makhleb.
  1702 | D:3      | Became a worshipper of Makhleb the Destroyer
  2466 | D:3      | Reached XP level 6. HP: 47/47 MP: 6/6
  2472 | D:3      | Reached skill level 1 in Dodging
  2548 | D:3      | Reached * piety under Makhleb
  2745 | D:3      | Reached skill level 5 in Shields
  2982 | D:4      | Found Jagiog's Assorted Antiques.
  3001 | D:4      | Bought a runed granite ring for 105 gold pieces
  3068 | D:4      | Found Tastax's Distillery.
  3076 | D:4      | Bought a potion of curing for 33 gold pieces
  3091 | D:4      | Reached XP level 7. HP: 53/53 MP: 7/7
  3131 | D:4      | Reached skill level 5 in Axes
  3275 | D:4      | Found Zaud's Distillery.
  3285 | D:4      | Bought a potion of degeneration for 10 gold pieces
  3664 | D:5      | Entered Level 5 of the Dungeon
  3768 | D:5      | Reached skill level 5 in Armour
  3769 | D:5      | Found a staircase to the Ecumenical Temple.
  3800 | D:5      | Reached ** piety under Makhleb
  3858 | D:5      | Noticed Menkaure
  3866 | D:5      | Killed Menkaure
  3866 | D:5      | Reached XP level 8. HP: 46/59 MP: 8/8
  4179 | D:5      | Found a bloodstained altar of Trog.
  4805 | D:6      | Reached skill level 1 in Invocations
  5028 | D:6      | Reached XP level 9. HP: 52/65 MP: 10/10
  5167 | D:7      | Reached *** piety under Makhleb
  5167 | D:7      | Reached skill level 1 in Throwing
  5472 | D:7      | Reached skill level 5 in Fighting
  5774 | D:6      | Slain by a yak

Skill      XL: |  1  2  3  4  5  6  7  8  9 |
---------------+----------------------------+-----
Shields        | 4 5 6 7 |  7.3
Axes           | 3 4 5 6 7 |  7.7
Armour         | 4 5 6 |  6.2
Dodging        | 1 2 |  2.5
Fighting       | 4 5 |  5.1
Invocations    | 2 4 |  4.6
Throwing       | 1 |  1.3
Stealth        | |  0.6

Action                   |  1- 3 |  4- 6 |  7- 9 || total
-------------------------+-------+-------+-------++-------
Melee: War axe           |    89 |   185 |       ||   274
       Hand axe          |       |    18 |   272 ||   290
Throw: Tomahawk          |       |       |     7 ||     7
Invok: Minor Destruction |       |       |    42 ||    42
  Eat: Chunk             |       |     7 |     9 ||    16
Armor: Scale mail        |    29 |    63 |    52 ||   144
Dodge: Dodged            |    34 |   112 |   109 ||   255
Block: Shield            |    54 |   123 |   120 ||   297
